Map: Ascension to Aiur LE

Players

DnS

  • Race: Protoss Protoss
  • Spawn Location: 11:00

Bly - Winner!

  • Race: Zerg Zerg
  • Spawn Location: 5:00

Event: WCS Valencia 2017

VOD

Have the link to the VOD?

Description

Time

  • Played on: July 13, 2017, 7:34 a.m.
  • Length: 12:57

All games in this series

Show
View Real Time Build Order
Export as new Build Order

DnS Protoss 

Build Orders: 1 Gate Expand, Oracle Opening 

Get SALT Encoding   

  12  0:01  Probe (Chrono Boost)  
  13  0:11  Probe (Chrono Boost)  
  14  0:17  Pylon  
  14  0:22  Probe (Chrono Boost)  
  15  0:35  Probe (Chrono Boost)  
  16  0:39  Gateway  
  16  0:46  Probe (Chrono Boost)  
  16  0:47  Assimilator  
  17  0:56  Probe (Chrono Boost)  
  18  1:07  Probe (Chrono Boost)  
  19  1:20  Nexus  
  19  1:23  Probe (Chrono Boost)  
  20  1:33  Cybernetics Core  
  20  1:36  Probe (Chrono Boost)  
  21  1:41  Assimilator  
  22  1:47  Probe (Chrono Boost)  
  22  1:50  Pylon  
  22  1:57  Probe (Chrono Boost)  
  23  2:08  Probe  
  24  2:09  Adept (Chrono Boost)  
  26  2:20  Probe  
  27  2:24  Stargate  
  27  2:31  Probe  
  27  2:32  Probe  
  27  2:33  Adept (Chrono Boost)  
  27  2:35  Warp Gate  
  31  2:41  Probe  
  32  2:44  Probe  
  33  2:53  Probe (Chrono Boost)  
  33  2:56  Probe (Chrono Boost)  
  35  3:00  Gateway  
  35  3:03  Probe (Chrono Boost)  
  36  3:07  Probe (Chrono Boost), Oracle (Chrono Boost)  
  36  3:11  Adept  
  42  3:13  Probe  
  42  3:19  Probe  
  44  3:23  Probe  
  44  3:24  Gateway  
  45  3:36  Probe  
  45  3:37  Twilight Council  
  45  3:39  Probe  
  45  3:48  Probe  
  46  3:51  Pylon  
  46  3:56  Assimilator  
  46  3:58  Pylon  
  46  4:07  Probe  
  46  4:09  Probe, Phoenix (Chrono Boost), Adept  
  51  4:15  Resonating Glaives (Chrono Boost)  
  51  4:18  Probe  
  51  4:21  Probe  
  53  4:28  Probe  
  53  4:32  Pylon  
  53  4:33  Probe  
  54  4:39  Probe  
  54  4:42  Adept x2  
  54  4:45  Probe, Nexus  
  60  4:46  Pylon  
  60  4:47  Zealot  
  60  4:49  Probe  
  60  4:51  Pylon  
  63  4:54  Oracle  
  63  4:57  Probe  
  67  5:00  Probe  
  68  5:08  Assimilator  
  68  5:09  Probe  
  68  5:10  Probe  
  68  5:12  Adept  
  68  5:13  Adept x2  
  76  5:20  Robotics Facility  
  76  5:21  Probe  
  76  5:24  Mothership Core  
  79  5:34  Probe  
  80  5:37  Adept x2  
  80  5:38  Pylon  
  80  5:40  Charge (Chrono Boost)  
  84  5:43  Forge, Probe, Pylon  
  84  5:46  Probe  
  86  5:55  Probe  
  87  5:59  Probe  
  87  6:02  Probe  
  83  6:05  Probe  
  83  6:11  Probe  
  75  6:13  Probe  
  75  6:15  Warp Prism (Chrono Boost)  
  75  6:16  Sentry x3  
  75  6:17  Probe  
  83  6:18  Protoss Ground Weapons Level 1 (Chrono Boost)  
  83  6:23  Probe  
  83  6:25  Probe, Assimilator  
  84  6:29  Gateway  
  84  6:30  Gateway, Assimilator  
  84  6:32  Pylon  
  84  6:33  Probe  
  84  6:35  Probe  
  86  6:42  Pylon  
  86  6:44  Templar Archives  
  82  6:50  Adept x2  
  82  6:52  Probe  
  87  6:54  Zealot  
  87  6:55  Probe  
  87  6:59  Probe  
  87  7:00  Observer  
  88  7:04  Probe  
  88  7:08  Probe  
  91  7:11  Probe, Gateway  
  91  7:13  Gateway  
  91  7:15  Gateway  
  92  7:16  Probe, Immortal  
  92  7:17  Photon Cannon  
  92  7:21  Psionic Storm  
  97  7:34  High Templar x2  
  97  7:35  Zealot x3  
  107  7:48  Nexus  
  107  7:49  Pylon  
  107  7:50  Immortal  
  107  7:53  Pylon  
  111  8:10  High Templar x2  
  111  8:12  Zealot x3  
  121  8:15  Photon Cannon  
  121  8:16  Probe  
  121  8:17  Photon Cannon  
  121  8:19  Photon Cannon  
  122  8:22  Photon Cannon  
  122  8:23  High Templar  
  122  8:24  Pylon, High Templar  
  122  8:25  Zealot, Protoss Ground Weapons Level 2  
  122  8:26  Pylon  
  122  8:27  Immortal  
  128  8:28  Archon  
  128  8:33  Probe x2  
  134  8:57  Assimilator  
  134  8:58  Pylon  
  134  9:00  Pylon, High Templar  
  134  9:01  Zealot x5, High Templar  
  148  9:05  Assimilator, Archon  
  148  9:07  Immortal  
  151  9:24  Zealot  
  151  9:25  Zealot x5  
  158  9:36  Probe x2  
  153  9:38  Sentry x2  
  153  9:41  Immortal  
  141  9:57  High Templar x4  
  141  9:59  Zealot x2  
  151  10:02  Archon x2  
  147  10:13  Photon Cannon  
  147  10:15  Photon Cannon  
  147  10:17  Gateway  
  147  10:19  Gateway x2  
  147  10:21  Zealot  
  147  10:22  High Templar x2  
  147  10:23  Zealot  
  157  10:31  Probe  
  157  10:32  Probe x2  
  157  10:33  Probe  
  159  10:44  Probe  
  158  10:54  Archon  
  158  10:55  Stalker x4, High Templar x2  
  162  10:57  Photon Cannon  
  162  10:59  Photon Cannon, Archon  
  162  11:00  Photon Cannon  
  162  11:01  Photon Cannon  
  157  11:07  Stalker  
  157  11:08  Stalker  
  143  11:13  Phoenix  
  107  11:39  Zealot x2  
  102  11:45  Zealot x2  
Show
View Real Time Build Order
Export as new Build Order

Bly Zerg - Winner!

Build Orders: Hatch First, Muta Ling Bane 

Get SALT Encoding   

  12  0:01  Drone  
  13  0:12  Overlord  
  13  0:17  Drone  
  14  0:30  Drone x2  
  14  0:34  Drone  
  17  0:51  Hatchery  
  17  0:55  Drone  
  17  0:57  Drone  
  17  0:59  Extractor  
  17  1:13  Spawning Pool  
  17  1:17  Drone  
  17  1:20  Drone  
  18  1:29  Drone  
  19  1:39  Overlord  
  19  2:03  Queen  
  19  2:04  Zergling x4  
  19  2:05  Queen, Zergling x2  
  19  2:08  Metabolic Boost  
  26  2:15  Drone x2  
  28  2:21  Drone  
  29  2:31  Drone  
  29  2:34  Drone  
  31  2:41  Drone  
  32  2:45  Hatchery  
  32  2:48  Overlord  
  30  2:53  Drone  
  31  2:59  Queen  
  33  3:06  Drone x3  
  33  3:11  Drone  
  37  3:14  Drone  
  37  3:15  Drone x2  
  40  3:21  Overlord  
  39  3:35  Spore Crawler, Drone x3  
  40  3:41  Drone x3  
  40  3:44  Queen  
  40  3:45  Drone  
  40  3:46  Drone x3  
  50  3:54  Overlord  
  50  3:56  Queen  
  50  4:02  Queen  
  54  4:06  Overlord  
  54  4:15  Drone x7  
  60  4:19  Overlord  
  60  4:25  Overlord  
  60  4:29  Drone x3  
  62  4:32  Overlord  
  62  4:43  Extractor  
  62  4:45  Evolution Chamber, Drone x3  
  62  4:46  Drone x3  
  66  4:55  Baneling Nest  
  61  5:01  Hatchery  
  61  5:03  Drone x3  
  61  5:04  Drone x3  
  66  5:11  Zergling x10  
  71  5:14  Zerg Melee Weapons Level 1  
  71  5:23  Lair, Zergling x6  
  71  5:24  Zergling x4  
  71  5:25  Zergling x2  
  77  5:32  Zergling x4  
  77  5:33  Zergling x2  
  77  5:34  Overlord  
  80  5:41  Baneling x6  
  80  5:43  Zergling x6  
  80  5:44  Zergling x2, Overlord  
  80  5:45  Drone x2  
  80  5:49  Drone  
  82  6:04  Drone  
  82  6:05  Drone x8  
  87  6:11  Overlord  
  83  6:21  Drone x6  
  83  6:23  Extractor x2  
  83  6:25  Spore Crawler, Drone x3  
  89  6:27  Centrifical Hooks  
  89  6:28  Extractor  
  89  6:29  Extractor, Drone x3, Hydralisk Den  
  89  6:31  Drone  
  90  6:35  Drone x2  
  90  6:37  Drone  
  90  6:39  Drone x2  
  95  6:43  Drone x2  
  88  7:03  Muscular Augments, Drone x2  
  88  7:05  Drone x3  
  88  7:06  Drone x3  
  88  7:07  Drone x3  
  98  7:14  Zergling x4  
  98  7:15  Zergling x6  
  103  7:16  Extractor  
  103  7:18  Zerg Melee Weapons Level 2  
  103  7:20  Hatchery, Zergling x4  
  103  7:21  Extractor  
  102  7:25  Hydralisk x2  
  102  7:26  Zergling x6  
  102  7:27  Hatchery  
  108  7:30  Hatchery  
  107  7:38  Zergling x14  
  107  7:39  Overseer  
  114  7:48  Spire  
  113  7:52  Hydralisk x3  
  118  7:59  Drone x3  
  118  8:01  Drone  
  117  8:07  Overlord  
  117  8:08  Overlord x7  
  117  8:12  Overlord  
  117  8:13  Overseer  
  117  8:18  Overlord  
  117  8:23  Extractor  
  117  8:25  Extractor  
  115  8:27  Infestation Pit  
  115  8:31  Hydralisk  
  115  8:32  Hydralisk x10  
  134  8:36  Drone x3  
  137  8:43  Drone  
  137  8:44  Drone x3  
  137  8:45  Drone x2  
  143  8:56  Zergling x22  
  143  8:57  Zergling x6  
  143  9:00  Baneling  
  143  9:01  Baneling x8  
  157  9:05  Hive  
  157  9:30  Overlord  
  151  9:37  Zergling x32  
  151  9:38  Zergling x2  
  144  9:45  Drone  
  144  9:46  Extractor, Drone x2  
  138  9:54  Mutalisk x11  
  155  10:10  Drone x3  
  155  10:14  Mutalisk x8  
  158  10:18  Baneling x7  
  174  10:35  Adrenal Glands  
  174  10:36  Zergling x2  
  174  10:37  Zergling x18  
  183  10:44  Zergling x2  
  183  10:45  Zergling x14  
  191  10:53  Zergling x14  
  191  10:54  Zergling x4  
  191  10:56  Baneling x5  
  171  11:26  Mutalisk x4  
  171  11:27  Mutalisk x7  
  171  11:30  Mutalisk x3  
  184  11:38  Overseer  
  166  11:43  Hydralisk  
  164  11:48  Zergling x6  
  159  12:03  Zergling x6  
  159  12:04  Zergling x8  
  159  12:05  Zergling x4  
  164  12:14  Spine Crawler  
  164  12:15  Spine Crawler  
  147  12:23  Drone  
  147  12:24  Drone  
Tags
 
Add a new tag
Caveats
  • Supply blocks, unpowered buildings, or Contaminate may cause inaccurate times.
  • Supply counts are checked every 10 seconds.